Map: Sequencer LE

Players

Snute - Winner!

  • Race: Zerg Zerg
  • Spawn Location: 1:00

Neeb

  • Race: Protoss Protoss
  • Spawn Location: 7:00

Event: WCS Valencia 2017

VOD

Have the link to the VOD?

Description

Time

  • Played on: July 13, 2017, 1:16 p.m.
  • Length: 11:44

All games in this series

Show
View Real Time Build Order
Export as new Build Order

Snute Zerg - Winner!

Build Orders: Hatch First 

Get SALT Encoding   

  12  0:00  Drone  
  13  0:12  Overlord  
  13  0:17  Drone  
  14  0:30  Drone x2  
  14  0:34  Drone  
  17  0:51  Hatchery  
  17  0:54  Drone  
  17  0:57  Drone  
  17  1:01  Extractor  
  17  1:13  Spawning Pool  
  17  1:16  Drone  
  17  1:19  Drone  
  18  1:27  Drone  
  19  1:38  Overlord  
  19  1:49  Drone  
  20  2:00  Queen  
  22  2:03  Queen, Metabolic Boost  
  22  2:04  Zergling x2  
  25  2:08  Drone  
  25  2:11  Drone  
  25  2:15  Drone  
  28  2:21  Drone  
  29  2:25  Drone  
  30  2:32  Drone  
  31  2:38  Hatchery  
  31  2:43  Drone, Overlord  
  31  2:46  Drone  
  32  2:52  Queen  
  32  2:54  Drone  
  32  2:57  Drone  
  36  3:04  Zergling x2  
  37  3:08  Zergling x4  
  37  3:10  Drone x2  
  37  3:12  Overlord  
  41  3:13  Drone  
  41  3:14  Drone  
  41  3:17  Drone  
  44  3:24  Overlord  
  44  3:29  Queen  
  44  3:32  Drone x2  
  48  3:38  Queen  
  48  3:40  Drone x2  
  52  3:44  Spore Crawler  
  52  3:46  Spore Crawler  
  51  3:48  Drone x3  
  51  3:49  Drone  
  51  3:51  Drone  
  51  3:54  Drone x2  
  56  4:03  Zergling x6  
  56  4:09  Spore Crawler, Queen  
  60  4:12  Baneling Nest, Zergling x2  
  60  4:16  Overlord  
  60  4:22  Zergling x2  
  60  4:23  Zergling x8  
  62  4:26  Overlord  
  62  4:27  Zergling x2  
  62  4:28  Zergling x2  
  64  4:31  Overlord  
  64  4:34  Zergling x4  
  66  4:39  Zergling x2  
  66  4:41  Overlord x2  
  66  4:45  Zergling x4  
  69  4:49  Zergling x8  
  73  4:58  Overlord  
  73  5:00  Baneling  
  73  5:01  Baneling x5  
  73  5:05  Baneling  
  73  5:06  Drone x6  
  79  5:10  Drone x2  
  81  5:16  Drone  
  81  5:17  Drone x6  
  88  5:28  Drone x5  
  88  5:29  Baneling x2  
  88  5:30  Drone  
  88  5:31  Drone  
  85  5:39  Drone  
  85  5:42  Drone x2  
  86  5:44  Drone  
  86  5:45  Drone x2  
  86  5:49  Drone  
  86  5:52  Drone  
  86  5:54  Drone  
  86  5:56  Extractor, Hatchery x2  
  83  5:59  Extractor  
  83  6:00  Extractor  
  83  6:01  Extractor, Drone  
  83  6:02  Extractor, Lair  
  83  6:03  Drone x2  
  80  6:08  Evolution Chamber x2, Drone x3  
  81  6:15  Drone x7  
  88  6:20  Zergling x4  
  90  6:28  Zergling x2  
  90  6:29  Zergling x4  
  93  6:35  Zergling x2  
  93  6:36  Zerg Melee Weapons Level 1, Zerg Missile Weapons Level 1  
  93  6:38  Zergling x2  
  95  6:41  Zergling x6  
  95  6:44  Zergling x8  
  102  6:49  Zergling x2  
  102  6:50  Zergling x6  
  106  6:55  Zergling x2  
  106  6:58  Overlord  
  106  7:01  Centrifical Hooks  
  105  7:02  Infestation Pit  
  105  7:04  Overlord x2  
  105  7:05  Hydralisk Den  
  105  7:08  Hydralisk Den  
  101  7:12  Zergling x2  
  101  7:13  Zergling x10  
  106  7:15  Drone x3  
  106  7:16  Drone x2  
  106  7:17  Drone x2  
  106  7:18  Drone  
  106  7:19  Queen, Drone x2  
  117  7:23  Spore Crawler, Zergling x2  
  117  7:31  Zergling x4  
  117  7:32  Zergling x6  
  117  7:34  Muscular Augments, Overlord  
  119  7:48  Zergling x16  
  121  7:53  Baneling  
  121  7:54  Baneling x12  
  121  7:55  Zergling x10  
  121  7:56  Zergling x8  
  129  8:03  Hive  
  129  8:05  Spire, Zergling x2  
  128  8:06  Zergling x8  
  133  8:13  Zergling x18  
  139  8:21  Hydralisk x3  
  139  8:25  Hydralisk x2  
  139  8:26  Hydralisk  
  150  8:28  Overlord x2  
  150  8:29  Overlord  
  150  8:31  Zerg Missile Weapons Level 2, Zerg Melee Weapons Level 2  
  146  8:47  Overlord  
  146  8:56  Zergling x16  
  146  8:57  Hatchery, Zergling x24  
  146  9:01  Overseer  
  146  9:02  Overseer, Pneumatized Carapace  
  165  9:06  Hydralisk x4  
  171  9:20  Hydralisk x2  
  171  9:21  Hydralisk x6  
  173  9:26  Zergling x10  
  173  9:27  Zergling x2  
  164  9:33  Zergling x4  
  164  9:34  Zergling x10  
  164  9:38  Baneling x9  
  155  9:51  Hydralisk x7  
  159  9:57  Hydralisk  
  145  10:09  Zergling x30  
  154  10:15  Hydralisk x2  
  154  10:20  Hydralisk x3  
  162  10:30  Baneling  
  162  10:31  Hydralisk, Baneling x10  
  162  10:33  Overlord x2  
  162  10:35  Zergling x14  
  171  10:43  Zergling x18  
  180  10:52  Baneling x9  
  180  10:55  Zergling x2  
  180  10:56  Zergling x18  
  190  10:59  Baneling x2  
  184  11:11  Zergling x8  
  184  11:12  Zergling x26  
  186  11:18  Zergling x2  
  186  11:19  Zergling x14  
Show
View Real Time Build Order
Export as new Build Order

Neeb Protoss 

Build Orders: Nexus First, Oracle Opening, Phoenix Opening 

Get SALT Encoding   

  12  0:00  Probe (Chrono Boost)  
  13  0:11  Probe (Chrono Boost)  
  14  0:19  Pylon  
  14  0:22  Probe (Chrono Boost)  
  15  0:37  Probe (Chrono Boost)  
  16  0:48  Probe (Chrono Boost)  
  17  0:57  Nexus  
  17  1:08  Gateway  
  18  1:11  Probe (Chrono Boost)  
  18  1:16  Assimilator  
  18  1:22  Probe (Chrono Boost)  
  19  1:26  Assimilator  
  19  1:32  Probe (Chrono Boost)  
  20  1:35  Pylon  
  20  1:43  Probe (Chrono Boost)  
  21  1:53  Probe (Chrono Boost)  
  22  1:57  Cybernetics Core  
  22  2:04  Probe (Chrono Boost)  
  23  2:10  Probe (Chrono Boost)  
  23  2:14  Probe (Chrono Boost)  
  25  2:20  Probe (Chrono Boost)  
  26  2:25  Probe (Chrono Boost)  
  27  2:31  Probe (Chrono Boost)  
  27  2:34  Probe (Chrono Boost), Stargate  
  29  2:37  Adept (Chrono Boost)  
  29  2:41  Warp Gate (Chrono Boost)  
  29  2:42  Probe  
  32  2:44  Probe  
  33  2:54  Probe  
  33  2:55  Probe  
  33  2:58  Pylon  
  35  3:01  Adept (Chrono Boost)  
  37  3:05  Probe  
  37  3:06  Probe  
  39  3:13  Oracle (Chrono Boost)  
  39  3:17  Probe x2  
  44  3:26  Gateway  
  44  3:29  Probe x2  
  44  3:30  Adept  
  44  3:32  Gateway  
  48  3:41  Probe x2  
  48  3:42  Pylon  
  48  3:43  Assimilator  
  48  3:45  Phoenix  
  50  3:53  Probe  
  50  3:54  Probe  
  54  4:02  Pylon  
  54  4:05  Probe  
  54  4:06  Probe, Pylon  
  54  4:10  Pylon  
  54  4:11  Pylon, Phoenix  
  56  4:20  Probe x2  
  58  4:32  Probe (Chrono Boost)  
  58  4:33  Probe (Chrono Boost), Phoenix  
  62  4:41  Nexus  
  62  4:43  Pylon  
  62  4:45  Mothership Core (Chrono Boost)  
  65  4:46  Probe (Chrono Boost)  
  65  4:48  Assimilator  
  65  4:56  Zealot, Sentry x2  
  65  4:58  Probe (Chrono Boost)  
  72  5:03  Probe (Chrono Boost)  
  72  5:04  Pylon  
  73  5:10  Probe (Chrono Boost)  
  73  5:13  Probe (Chrono Boost)  
  75  5:14  Robotics Facility  
  75  5:17  Pylon  
  75  5:20  Sentry  
  78  5:22  Zealot x2, Probe (Chrono Boost)  
  79  5:32  Probe (Chrono Boost)  
  79  5:34  Probe (Chrono Boost)  
  72  5:41  Pylon  
  70  5:43  Probe (Chrono Boost), Pylon  
  70  5:44  Sentry x2  
  70  5:47  Probe (Chrono Boost)  
  72  5:53  Probe (Chrono Boost), Gateway  
  72  5:56  Probe (Chrono Boost)  
  72  5:59  Probe (Chrono Boost)  
  72  6:01  Immortal  
  78  6:04  Probe (Chrono Boost)  
  78  6:07  Probe (Chrono Boost)  
  78  6:11  Probe (Chrono Boost)  
  80  6:14  Probe (Chrono Boost)  
  80  6:16  Zealot  
  80  6:18  Probe (Chrono Boost)  
  84  6:22  Robotics Facility  
  84  6:23  Probe (Chrono Boost)  
  84  6:24  Robotics Facility  
  84  6:25  Probe (Chrono Boost)  
  86  6:30  Forge, Probe (Chrono Boost)  
  87  6:37  Assimilator  
  87  6:38  Assimilator  
  89  6:40  Probe (Chrono Boost), Pylon  
  89  6:41  Probe x2 (Chrono Boost)  
  89  6:42  Observer  
  91  6:49  Pylon  
  91  6:52  Pylon  
  91  7:07  Observer  
  92  7:13  Probe (Chrono Boost)  
  92  7:14  Probe (Chrono Boost)  
  94  7:17  Gateway x2  
  94  7:18  Immortal x2  
  102  7:23  Gateway  
  102  7:24  Gateway  
  102  7:25  Protoss Ground Armor Level 1 (Chrono Boost)  
  102  7:27  Zealot x2, Gateway  
  102  7:28  Sentry x2  
  110  7:32  Immortal (Chrono Boost)  
  110  7:33  Photon Cannon  
  111  7:50  Sentry x2  
  111  7:51  Zealot x2  
  111  7:57  Immortal x2 (Chrono Boost)  
  111  8:04  Pylon x2  
  111  8:08  Forge  
  115  8:13  Sentry x2  
  115  8:16  Immortal (Chrono Boost)  
  117  8:20  Zealot x4, Stalker  
  127  8:29  Pylon x2  
  127  8:32  Gateway  
  127  8:33  Immortal (Chrono Boost)  
  131  8:34  Gateway  
  131  8:39  Immortal (Chrono Boost)  
  134  8:42  Photon Cannon  
  134  8:43  Photon Cannon, Sentry  
  136  8:49  Protoss Ground Weapons Level 1 (Chrono Boost)  
  136  8:50  Twilight Council  
  136  9:04  Fleet Beacon  
  135  9:14  Zealot x2  
  135  9:15  Zealot x5  
  135  9:16  Zealot  
  151  9:20  Probe x2  
  151  9:23  Protoss Ground Armor Level 2 (Chrono Boost)  
  151  9:26  Immortal (Chrono Boost)  
  151  9:29  Immortal (Chrono Boost)  
  155  9:32  Pylon  
  147  9:43  Zealot x4  
  141  9:47  Charge  
  131  10:04  Nexus  
  131  10:12  Zealot x4  
  133  10:20  Probe x2, Pylon  
  142  10:25  Sentry  
  142  10:26  Zealot  
  146  10:29  Sentry x2  
  149  10:37  Stargate  
  149  10:39  Stargate  
  149  10:50  Assimilator  
  149  10:51  Tempest, Templar Archives  
  149  10:52  Photon Cannon  
  154  10:58  Zealot x3  
  158  11:11  Zealot x5  
  139  11:20  Zealot x2  
  135  11:28  Zealot  
  109  11:38  High Templar  
  109  11:39  Zealot, High Templar x3  
  103  11:42  Archon  
  103  11:43  Archon  
Tags
 
Add a new tag
Caveats
  • Supply blocks, unpowered buildings, or Contaminate may cause inaccurate times.
  • Supply counts are checked every 10 seconds.